[Event "17th Caspian Cup-Masters 2019"]
[Site "Anzali"]
[Date "2019.02.19"]
[Round "9.7"]
[White "Khoshkalam, Seyed Mehrab"]
[Black "Danielyan, Vahe"]
[Result "1-0"]
[ECO "A05"]
[WhiteElo "2263"]
[BlackElo "2186"]
[Annotator "NA"]
[PlyCount "101"]
[EventDate "2019.02.12"]
[EventType "swiss"]
[EventRounds "9"]
[EventCountry "IRI"]
[SourceTitle "playchess.com"]
[Source "ChessBase"]
[SourceQuality "1"]
[TimeControl "5400+30"]

1. Nf3 Nf6 2. g3 b6 3. Bg2 Bb7 4. d3 d5 5. O-O g6 {[%emt 0:00:05] LiveBook: 30 Games} 6. Nbd2 {[%emt 0:00:42] A05: Réti Opening: 1 Nf3 Nf6} (6. c4 c5 7. cxd5 Nxd5 8. d4 Bg7 9. dxc5 bxc5 10. Nfd2 O-O 11. Nc4 Bc6 12. Nbd2 Nb6 13. Na5 Bxg2 14. Kxg2 {1-0 (84) Karjakin,S (2777)-Moskalenko,A (2460) Moscow 2014}) 6... Bg7 7. c3 O-O 8. Qc2 Nbd7 9. Re1 Re8 10. e4 dxe4 11. dxe4 e5 12. b4 Qe7 13. a4 c5 $146 ({Predecessor:} 13... a6 14. Bf1 Red8 15. Bc4 h6 16. Qb3 c6 {1-0 (53) Shabanaj,E (2070)-Jennitha,A (1966) Khanty-Mansiysk 2010}) 14. b5 $1 a6 15. Bb2 h6 16. Rad1 axb5 17. axb5 Qe6 18. Bf1 Kh7 19. Nc4 Bf8 20. Nfd2 Ra2 {[%emt 0:08:09] [#]} (20... Kg8 $16) 21. Ne3 (21. Na3 $1 $18 {and White stays clearly on top.}) 21... Qe7 22. f3 h5 {[%emt 0:00:37] [#]} (22... c4 $16 {might work better.}) 23. Ndc4 $1 Qe6 $18 24. Na3 Rxb2 25. Qxb2 c4 26. Bxc4 Qe7 27. Nac2 h4 28. g4 Kg7 29. Nb4 Nc5 30. Bd5 Nh7 31. Bxb7 Qxb7 32. Qd2 Kh8 33. Qf2 Be7 34. Nc6 Bg5 35. h3 Bxe3 36. Rxe3 g5 37. Re2 Nf8 38. Ra2 Qc8 39. Ra7 Qe6 40. Nd8 Rxd8 41. Rxd8 Kg7 42. Qd2 Ng6 43. Rd6 Qb3 44. Qa2 Qxa2 45. Rxa2 Nf4 46. Kh2 Ncd3 47. Rxd3 Nxd3 48. Ra6 Ne1 49. Rxb6 Nxf3+ 50. Kg2 Nd2 51. Rc6 1-0

[Event "17th Caspian Cup-Masters 2019"]
[Site "Anzali"]
[Date "2019.02.19"]
[Round "9.8"]
[White "Asgari, Morteza"]
[Black "Naderi, M.sadegh"]
[Result "1-0"]
[ECO "B12"]
[WhiteElo "2175"]
[BlackElo "2242"]
[Annotator "NA"]
[PlyCount "131"]
[EventDate "2019.02.12"]
[EventType "swiss"]
[EventRounds "9"]
[EventCountry "IRI"]
[SourceTitle "playchess.com"]
[Source "ChessBase"]
[SourceQuality "1"]
[TimeControl "5400+30"]

1. e4 {[%emt 0:00:00] Eljanov,P} c6 2. d4 d5 3. e5 Bf5 4. Nf3 e6 5. Be2 Nd7 6. O-O Ne7 7. Nbd2 h6 {[%emt 0:01:00] LiveBook: 792 Games B12: Caro-Kann: Advance Variation} 8. c3 Qc7 9. a4 a5 10. Re1 Bh7 $146 ({Predecessor:} 10... Bg6 11. Nf1 c5 12. Bb5 Nc6 13. c4 Nb6 14. cxd5 Nxd5 {0-1 (41) Kryvoruchko,Y (2706)-Eljanov,P (2719) Lvov 2014 CBM 164 [Eljanov,P]}) 11. Nf1 Ng6 12. g3 Be7 13. h4 f6 14. h5 ({White should play} 14. exf6 $16 Nxf6 15. Bd3) 14... Ngf8 15. exf6 gxf6 16. Bxh6 O-O-O (16... Be4 $14) 17. Nh4 e5 {[%emt 0:05:45] [#]} (17... Be4 $16) 18. Ne3 $1 Bd6 19. Bg4 Rg8 20. Nef5 Kb8 21. Be3 Ne6 22. Kh2 Ng5 23. Nxd6 Qxd6 24. f4 Ne4 25. f5 exd4 26. Bf4 Ne5 27. Bh3 dxc3 28. bxc3 Ka8 29. Ng6 Qc5 30. Rf1 Nxc3 31. Qb3 d4 32. Rae1 Bxg6 33. Bxe5 Bxh5 34. Bxf6 Qd6 35. Be5 Qh6 36. Bf4 Qh7 37. Qb6 Rd5 38. Re5 Be2 39. Rxd5 Nxd5 40. Qxa5+ Ba6 41. Be5 Re8 42. Bxd4 Qh5 43. Rf2 Kb8 44. Qd2 Be2 45. Bf6 Nxf6 46. Qd6+ Ka8 47. Qxf6 Rh8 48. Qh4 Qe8 49. Qf4 Qh5 50. Qh4 Qe8 51. Qg5 Bc4 52. f6 Qe1 53. Qd2 Qxd2 54. Rxd2 Be6 55. Rd8+ Rxd8 56. Bxe6 Kb8 57. Kh3 Kc7 58. Kg4 Kd6 59. Kf5 Ra8 60. Bb3 b5 61. g4 bxa4 62. Ba2 a3 63. g5 c5 64. g6 c4 65. g7 c3 66. f7 {[%emt 0:00:10] Kd5 Ke4+} 1-0

[Event "17th Caspian Cup-Masters 2019"]
[Site "Anzali"]
[Date "2019.02.19"]
[Round "9.9"]
[White "Li, Bo"]
[Black "Moradi, Behrooz"]
[Result "1/2-1/2"]
[ECO "E34"]
[WhiteElo "2325"]
[BlackElo "2178"]
[Annotator "NA"]
[PlyCount "122"]
[EventDate "2019.02.12"]
[EventType "swiss"]
[EventRounds "9"]
[EventCountry "IRI"]
[SourceTitle "playchess.com"]
[Source "ChessBase"]
[SourceQuality "1"]
[TimeControl "5400+30"]

1. d4 Nf6 2. c4 e6 3. Nc3 Bb4 4. Qc2 d5 5. cxd5 Qxd5 6. Nf3 {[%emt 0:03:52] LiveBook: 564 Games} c5 7. Bd2 Bxc3 8. Bxc3 O-O {[%emt 0:01:28] E34: Nimzo-Indian: Classical: 4...d5} (8... Nc6 9. dxc5 Qxc5 10. Rc1 O-O 11. e3 Rd8 12. b4 Nxb4 13. Qb2 Nfd5 14. a3 Nc6 15. Bxg7 Qa5+ 16. Bc3 Nxc3 17. Rxc3 {0-1 (49) Beliavsky,A (2651)-Lenic,L (2637) Slovenia 2013}) 9. e3 b6 10. Bd3 $146 ({Predecessor:} 10. dxc5 Qxc5 11. Bd3 Bb7 12. O-O Nc6 13. Qa4 Rad8 14. Rfd1 e5 15. Ng5 Qe7 16. Ne4 Nd5 17. Bc4 Nxc3 18. Nxc3 Rxd1+ 19. Rxd1 Rd8 20. Rxd8+ Qxd8 21. Bd5 Qd6 22. e4 g6 23. h3 {½-½ (23) Kowalski,I (2294)-Nothnagel,M (2338) Riga 2018}) 10... Ba6 11. Bxa6 Nxa6 12. O-O cxd4 13. Bxd4 Rfc8 14. Qe2 Qc4 15. Qxc4 Rxc4 16. Rfc1 Rac8 17. Rxc4 Rxc4 $11 18. b3 Rc2 19. Bxf6 gxf6 20. Nd4 Rb2 21. Nc6 f5 22. h3 Kg7 23. g4 Kf6 24. gxf5 Kxf5 25. Rd1 Nc5 26. b4 Ne4 27. Rd7 Kf6 28. f4 Rxa2 29. Ne5 Kg7 30. Nxf7 Nf6 31. Rb7 Nd5 32. Ne5+ Kh6 33. Nc6 a5 34. bxa5 bxa5 35. Nd4 a4 36. Nxe6 Nxe3 37. Ra7 a3 38. Nf8 Rg2+ 39. Kh1 Rg7 40. Rxa3 Rf7 41. Ne6 Nd5 42. Ra4 Rf6 43. Re4 Kg6 44. Kh2 Kf7 45. Nd8+ Kg6 46. Kg3 Rd6 47. Ne6 Nf6 48. Re3 Nh5+ 49. Kf3 Nf6 50. Ng5 Ra6 51. Ne6 Nd5 52. Re5 Ra3+ 53. Kg2 Ne3+ 54. Kf2 Nc4 55. Rc5 Nd6 56. Ng5 h6 57. Rd5 hxg5 58. Rxd6+ Kf5 59. fxg5 Kxg5 60. Kg2 Ra2+ 61. Kf3 Ra3+ 1/2-1/2

[Event "17th Caspian Cup-Masters 2019"]
[Site "Anzali"]
[Date "2019.02.19"]
[Round "9.10"]
[White "Aminikiasari, Amer"]
[Black "Babaniya, Benyamin"]
[Result "0-1"]
[ECO "A01"]
[WhiteElo "2318"]
[BlackElo "2184"]
[Annotator "ChessBase"]
[PlyCount "96"]
[EventDate "2019.02.12"]
[EventType "swiss"]
[EventRounds "9"]
[EventCountry "IRI"]
[SourceTitle "playchess.com"]
[Source "ChessBase"]
[SourceQuality "1"]
[TimeControl "5400+30"]

1. b3 d5 2. Bb2 Nf6 3. Nf3 Bf5 4. e3 Nbd7 5. Be2 e6 6. Nh4 Bg6 7. Nxg6 hxg6 8. d3 Bd6 9. Nd2 Qe7 10. c4 c6 11. Qc2 a5 12. a3 g5 13. d4 Nf8 14. c5 Bc7 15. O-O-O e5 16. h3 exd4 17. exd4 Ne6 18. Rhe1 O-O 19. Bd3 g6 20. Nf3 Kg7 21. g3 Nd7 22. Kb1 Rae8 23. h4 g4 24. Ng5 Qf6 25. Rh1 Rh8 26. Nxe6+ Rxe6 27. b4 axb4 28. axb4 Qf3 29. b5 Nf6 30. bxc6 bxc6 31. Rhe1 Rhe8 32. Rxe6 Rxe6 33. Rd2 Ba5 34. Re2 Rxe2 35. Bxe2 Qxf2 36. Qd3 Bc7 37. h5 gxh5 38. Bd1 Ne4 39. Bc2 Qf1+ 40. Qxf1 Nd2+ 41. Kc1 Nxf1 42. Ba4 h4 43. Bxc6 hxg3 44. Bxd5 Bf4+ 45. Kb1 Nd2+ 46. Kc2 Nf3 47. Be4 g2 48. d5+ Kg8 0-1

[Event "17th Caspian Cup-Masters 2019"]
[Site "Anzali"]
[Date "2019.02.19"]
[Round "9.11"]
[White "Atakhan, Abtin"]
[Black "Hakemi, Arman"]
[Result "1-0"]
[ECO "A20"]
[WhiteElo "2179"]
[BlackElo "2317"]
[Annotator "NA"]
[PlyCount "71"]
[EventDate "2019.02.12"]
[EventType "swiss"]
[EventRounds "9"]
[EventCountry "IRI"]
[SourceTitle "playchess.com"]
[Source "ChessBase"]
[SourceQuality "1"]
[TimeControl "5400+30"]

1. c4 e5 2. g3 Nf6 3. Bg2 d5 4. cxd5 Nxd5 5. Nc3 Nb6 6. Nf3 Nc6 7. O-O Be7 8. Rb1 a5 9. d3 O-O {[%emt 0:00:06] A29: English Opening: Four Knights Variation with 4 g3} 10. Be3 Re8 {[%emt 0:00:41] LiveBook: 8 Games} (10... Be6 11. d4 {½-½ (11) Matlakov,M (2700)-Giri,A (2783) St Petersburg 2018}) 11. Rc1 Bf8 12. Na4 Nd4 13. Nc5 (13. Nxb6 $14 cxb6 14. Nxd4 exd4 15. Bf4) 13... c6 14. Re1 a4 $146 ({Predecessor:} 14... h6 15. Nb3 Nxf3+ 16. Bxf3 a4 17. Nc5 {0-1 (43) Ahmed,S (2305)-Rahman,S (2188) Dhaka 2018}) 15. Bxd4 exd4 16. Qd2 g6 17. a3 Bg7 18. Rc2 Nd5 19. Rc4 b5 (19... Qe7 $11) 20. Rxd4 Qb6 21. Rc1 Bxd4 22. Nxd4 b4 23. Bxd5 cxd5 24. axb4 Qf6 25. Qf4 Qxf4 26. gxf4 Bh3 27. f3 Kg7 28. Kf2 a3 29. bxa3 Rxa3 30. b5 Rb8 31. Na6 Rb6 (31... Rc8 $1 $14 32. Rxc8 Bxc8) 32. Nc7 Be6 33. Rc6 Rxc6 34. bxc6 Kf6 35. Ncxe6 fxe6 $18 36. c7 1-0

[Event "17th Caspian Cup-Masters 2019"]
[Site "Anzali"]
[Date "2019.02.19"]
[Round "9.12"]
[White "Khademi, Mohammad Miran"]
[Black "Tavoosi Rad, Ramtin"]
[Result "1-0"]
[ECO "B22"]
[WhiteElo "2298"]
[BlackElo "2173"]
[Annotator "NA"]
[PlyCount "97"]
[EventDate "2019.02.12"]
[EventType "swiss"]
[EventRounds "9"]
[EventCountry "IRI"]
[SourceTitle "playchess.com"]
[Source "ChessBase"]
[SourceQuality "1"]
[TimeControl "5400+30"]

1. e4 c5 2. c3 g6 3. Nf3 Bg7 4. Bc4 Nc6 5. h4 h6 6. d4 cxd4 7. Nxd4 (7. cxd4 $14 d6 8. Nc3) 7... Nf6 8. Nxc6 bxc6 9. Bd3 d5 10. Nd2 O-O 11. Qc2 e5 12. c4 Be6 13. b3 dxe4 14. Nxe4 Nxe4 15. Bxe4 {[%emt 0:00:05] [#]} f5 ({Black should play} 15... Qc7 $1 16. g3 Bg4) 16. Bxc6 Rc8 17. Ba4 Bd5 ({Black should try} 17... e4 $17 18. Rb1 {[#]} e3 $1 ) 18. Qd2 $2 (18. Kf1 $11) 18... Bxg2 19. Qxd8 Rfxd8 ({Not} 19... Rcxd8 20. Rg1 $15) 20. Rg1 Bf3 21. Be3 (21. Bb2 {was necessary.} Kf7 22. b4) 21... Kh7 22. Rb1 $2 (22. Rc1) 22... Bf8 $19 23. Bxa7 Bb4+ 24. Kf1 Rd6 25. Rg3 e4 26. Kg1 Rcd8 27. Kh2 Rd1 28. Rxd1 Rxd1 29. Rxf3 exf3 30. Kg3 Rd3 31. Be3 Bd6+ 32. Kxf3 f4 33. Ke4 fxe3 34. Kxd3 exf2 35. Ke2 Bc5 36. Bc6 Kg7 37. a4 Kf6 38. a5 Ke5 39. a6 Kd4 40. b4 Ba7 41. c5 g5 42. Bg2 Ke5 43. hxg5 hxg5 44. Kd3 Ke6 45. Kc4 Kd7 46. b5 Kc7 47. Kd5 g4 48. Bf1 g3 49. Bg2 1-0